 Dungeon Crawl Stone Soup version 0.17.0-56-gd8de76c (webtiles) character file.

211 PossumBlood the Magician (level 5, 0/28 HPs)
             Began as a Deep Elf Wizard on Dec 6, 2015.
             Slain by an orc wizard
             ... wielding a +0 dagger
              (4 damage)
             ... on level 3 of the Dungeon.
             The game lasted 00:10:55 (2489 turns).

PossumBlood the Magician (Deep Elf Wizard)          Turns: 2489, Time: 00:10:55

Health: 0/28       AC:  2    Str:  4    XL:     5   Next: 57%
Magic:  0/16       EV: 12    Int: 27    God:
Gold:   100        SH:  0    Dex: 13    Spells: 6 memorised, 4 levels left

rFire  . . .     SeeInvis .     i - +0 short sword
rCold  . . .     Clarity  .     a - +0 robe
rNeg   + . .     SustAt   .     (no shield)
rPois  .         Gourm    .     b - +0 hat
rElec  .         Spirit   .     (no cloak)
rCorr  .         Warding  +     (no gloves)
rMut   .         Stasis   .     (no boots)
MR     .....                    s - amulet of warding
Stlth  ++........               (no ring)
                                g - +3 ring of intelligence

@: repel missiles, not resistant to hostile enchantments, unstealthy
A: no striking features
a: no special abilities


You were on level 3 of the Dungeon.
You were not hungry.

You visited 1 branch of the dungeon, and saw 3 of its levels.

You collected 100 gold pieces.

Inventory:

Hand Weapons
 i - a +0 short sword (weapon)
 u - a +4 flail
 v - a +2 whip of distortion
Armour
 a - a +0 robe (worn)
 b - a +0 hat (worn)
Jewellery
 g - a +3 ring of intelligence (left hand)
 s - an amulet of warding (around neck)
Wands
 w - a wand of slowing (17)
Scrolls
 e - a scroll of enchant armour {unknown}
 f - a scroll of blinking {unknown}
 k - a scroll of noise {unknown}
 l - 4 scrolls of remove curse {unknown}
 m - a scroll of fear {unknown}
 n - a scroll of immolation {unknown}
 p - 2 scrolls of identify {unknown}
 q - a scroll of teleportation {unknown}
Potions
 h - 3 potions of brilliance {unknown}
 r - a potion of poison {unknown}
 t - 2 potions of curing {unknown}
 x - a potion of heal wounds {unknown}
Books
 c - a book of Minor Magic

   Spells                             Type                      Level
   a - Magic Dart                     Conjuration                  1
   b - Blink                          Translocation                2
   c - Call Imp                       Summoning                    2
   d - Repel Missiles                 Charms/Air                   2
   e - Slow                           Hexes                        2
   f - Conjure Flame                  Conjuration/Fire             3
   g - Mephitic Cloud                 Conjuration/Poison/Air       3
Comestibles
 d - 2 bread rations
 j - 5 fruits
 o - a meat ration


   Skills:
 - Level 2.4 Dodging
 - Level 2.4 Stealth
 + Level 6.8 Spellcasting
 + Level 4.3 Conjurations
   Level 1.1 Summonings
 - Level 1.1 Translocations


You had 4 spell levels left.
You knew the following spells:

 Your Spells              Type           Power        Failure   Level  Hunger
a - Magic Dart            Conj           ####         1%          1    None
b - Blink                 Tloc           N/A          8%          2    None
c - Slow                  Hex            #.......     12%         2    None
d - Conjure Flame         Conj/Fire      ###.....     10%         3    None
e - Mephitic Cloud        Conj/Pois/Air  ###.....     12%         3    None
f - Repel Missiles        Chrm/Air       #.....       12%         2    None


Dungeon Overview and Level Annotations

Branches:
Dungeon (3/15)

Altars:
Cheibriados
Elyvilon
Kikubaaqudgha
Ru


Message History

The magic dart hits the orc.
The orc is moderately wounded.
Something hits you. The orc hits you with a club.
Casting: Magic Dart
Confirm with . or Enter, or press ? or * to list all spells.
Aiming: Magic Dart
Press: ? - help, Shift-Dir - straight line, f/p - orc
Aim: an orc, wielding a club and wearing a ring mail (moderately wounded)
The magic dart hits the orc.
The orc is heavily wounded.
Something hits you. The orc hits you with a club.
You miss something. Something hits you but does no damage.
The orc completely misses you.
You hear some strange, mumbled words.
A magic dart appears from out of thin air!
The magic dart hits you!
You miss something. The orc hits you with a club.
* * * LOW HITPOINT WARNING * * *
Something hits you.
You die...

..............# #....##
...............# #....#
...............# #...†##
...............###....'.
.....................†##
......................##
).....................##
......)...............+.
......{@..............##
.....$o...............#
......................#
..........###.........#
..........# .......
......<.... ......
########.... .... +.....


You could see an orc.

Vanquished Creatures
  An orc wizard (D:2)
  Jessica (D:2)
  5 gnolls (D:2)
  2 adders (D:2)
  2 oozes
  4 orcs
  A ball python (D:3)
  9 bats
  6 giant cockroaches
  11 hobgoblins
  4 jackals (D:2)
  2 quokkas
  2 giant geckos (D:1)
  3 giant newts
  10 goblins
  8 kobolds
  8 rats
79 creatures vanquished.

Notes
Turn   | Place    | Note
--------------------------------------------------------------
     0 | D:1      | PossumBlood the Deep Elf Wizard began the quest for the Orb.
     0 | D:1      | Reached XP level 1. HP: 10/10 MP: 7/7
     0 | D:1      | Noticed a human
     3 | D:1      | Noticed an elf
     3 | D:1      | Noticed a minotaur
     8 | D:1      | Noticed a gargoyle
    10 | D:1      | Noticed a naga
    12 | D:1      | Noticed an elf
    12 | D:1      | Noticed a dwarf
    14 | D:1      | Noticed a felid
    14 | D:1      | Noticed a felid
    16 | D:1      | Noticed a ghoul
    16 | D:1      | Noticed a gargoyle
    16 | D:1      | Noticed a minotaur
    18 | D:1      | Noticed a ghoul
    20 | D:1      | Noticed a dwarf
   237 | D:1      | Reached XP level 2. HP: 15/15 MP: 5/9
   436 | D:1      | Reached skill level 5 in Spellcasting
   904 | D:2      | Reached XP level 3. HP: 19/19 MP: 5/11
   957 | D:2      | Found an ancient bone altar of Kikubaaqudgha.
  1289 | D:2      | Found a sacrificial altar of Ru.
  1294 | D:2      | Reached XP level 4. HP: 22/24 MP: 7/13
  1450 | D:2      | Found a white marble altar of Elyvilon.
  1510 | D:2      | Reached skill level 6 in Spellcasting
  1602 | D:2      | Learned a level 2 spell: Blink
  1605 | D:2      | Learned a level 2 spell: Slow
  1609 | D:2      | Learned a level 3 spell: Conjure Flame
  1613 | D:2      | Learned a level 3 spell: Mephitic Cloud
  1616 | D:2      | Learned a level 2 spell: Repel Missiles
  1630 | D:2      | Noticed Jessica
  1701 | D:2      | Killed Jessica
  1831 | D:2      | Reached XP level 5. HP: 28/28 MP: 11/15
  2186 | D:2      | Found a snail-covered altar of Cheibriados.
  2489 | D:3      | Slain by an orc wizard

Action                   |  1- 3 |  4- 6 || total
-------------------------+-------+-------++-------
Melee: Short sword       |       |     2 ||     2
 Cast: Magic Dart        |    81 |   104 ||   185
       Repel Missiles    |       |     1 ||     1
       Mephitic Cloud    |       |     1 ||     1
  Eat: Bread ration      |     1 |       ||     1
